Map: Abyssal Reef LE

Players

Whiskydog

  • Race: Terran Terran
  • League: Silver
  • Spawn Location: 11:00

Vorador - Winner!

  • Race: Zerg Zerg
  • League: Silver
  • Spawn Location: 5:00

VOD

Have the link to the VOD?

Description

Time

  • Played on: June 8, 2017, 2:07 p.m.
  • Length: 20:52
Show
View Real Time Build Order
Export as new Build Order

Whiskydog Terran 

Build Orders: MMM Bio 

Get SALT Encoding   

  12  0:03  SCV  
  13  0:18  Supply Depot, SCV  
  14  0:29  Refinery  
  14  0:31  SCV  
  15  0:43  Barracks  
  15  0:46  SCV  
  16  0:58  SCV  
  16  1:04  Supply Depot  
  17  1:11  SCV  
  18  1:23  SCV  
  19  1:29  Engineering Bay  
  19  1:34  Refinery  
  19  1:43  Barracks Reactor  
  19  1:54  Factory  
  19  1:59  Orbital Command  
  19  2:17  Terran Infantry Weapons Level 1  
  19  2:24  Supply Depot  
  19  2:25  Marine x2  
  21  2:41  Factory Tech Lab  
  21  2:42  Barracks  
  21  3:01  Starport  
  21  3:03  Marine x2  
  23  3:14  Siege Tank  
  26  3:24  Supply Depot, SCV  
  27  3:29  Barracks Tech Lab  
  27  3:35  Marine x2  
  29  3:46  Starport Reactor  
  29  3:52  Siege Tank  
  29  3:54  Marine  
  29  3:55  Marine  
  34  4:01  Stimpack  
  34  4:21  Armory  
  34  4:39  Banshee  
  34  4:44  Hellion x2  
  41  4:56  Supply Depot  
  41  5:02  Marine x2  
  41  5:04  SCV  
  44  5:15  Marine  
  44  5:16  SCV  
  44  5:19  Marine  
  44  5:20  Marine  
  48  5:22  Hellion  
  50  5:34  Marine  
  51  5:36  Starport  
  51  5:45  Barracks  
  51  5:49  Marine x2  
  53  6:09  Supply Depot, Terran Infantry Armor Level 1  
  53  6:13  Combat Shields  
  53  6:18  Starport Reactor  
  53  6:22  Marine  
  54  6:30  Banshee  
  54  6:32  Barracks Reactor  
  57  6:34  Marine  
  57  6:37  Marine  
  57  6:39  Hellion  
  61  6:54  Medivac  
  63  7:06  Supply Depot  
  63  7:08  Supply Depot  
  63  7:09  Medivac  
  63  7:13  Banshee  
  68  7:43  Marine x3  
  68  7:44  Marine x2  
  72  7:47  Hellion  
  74  8:00  Marine  
  74  8:01  Medivac x2  
  74  8:04  Banshee  
  82  8:19  Supply Depot  
  82  8:25  Supply Depot  
  82  8:32  Missile Turret  
  82  8:33  Marine  
  83  8:57  Marine x4  
  83  8:59  Marine  
  88  9:27  Command Center  
  88  9:42  SCV  
  86  9:49  Marine x2  
  86  9:50  Marine x2  
  90  9:54  SCV  
  90  9:57  Marine  
  92  10:05  Hellion x2  
  92  10:06  Medivac  
  98  10:07  Marine  
  83  10:36  Marine x4  
  83  10:37  Marine  
  83  10:39  Hellion x2  
  92  10:53  Marine x2  
  50  12:12  Marine  
  50  12:13  Marine x4  
  55  12:27  Fusion Core  
  55  12:35  Marine x2  
  55  12:36  Marine x3  
  60  12:45  Terran Infantry Armor Level 2  
  60  12:48  Terran Vehicle Weapons Level 1  
  60  12:52  Liberator  
  60  12:54  Orbital Command  
  60  13:05  Raven  
  60  13:12  Marine  
  66  13:22  Refinery  
  66  13:25  Refinery  
  66  13:53  Command Center  
  66  14:04  SCV x2  
  68  14:16  SCV  
  69  14:27  Marine x2  
  69  14:31  Battlecruiser  
  77  15:03  Factory Tech Lab  
  77  15:34  Raven  
  79  15:42  Marine x4  
  82  15:43  Marine  
  82  15:45  Thor  
  90  15:52  SCV x2  
  92  15:59  Marine  
  93  16:04  SCV x2  
  95  16:18  Battlecruiser, Planetary Fortress  
  101  16:21  Refinery, Marine x4  
  105  16:28  Thor  
  105  16:29  Marine  
  112  16:38  SCV x2  
  114  16:49  Marine x4  
  114  16:50  Marine, SCV x2  
  121  17:01  Medivac x2  
  123  17:06  Marine  
  126  17:11  Marine x3  
  129  17:18  Supply Depot  
  129  17:20  Supply Depot  
  129  17:21  Supply Depot  
  129  17:23  Supply Depot  
  129  17:25  Marine x2  
  129  17:29  Marine  
  132  17:40  Medivac x2  
  132  17:43  Battlecruiser  
  142  18:18  SCV x3  
  145  18:25  Marine  
  145  18:26  Marine x3  
  149  18:28  Marine  
  149  18:30  SCV x3  
  149  18:32  Thor  
  159  18:35  Medivac  
  161  18:43  Marine x2  
  163  18:49  Refinery  
  163  19:30  Marine x2  
  165  19:46  Marine  
  165  19:47  Marine x2  
  164  19:54  Thor  
  130  20:16  Marine x4  
  130  20:17  Marine  
  135  20:34  Marine  
Show
View Real Time Build Order
Export as new Build Order

Vorador Zerg - Winner!

Build Orders: Pool First, Swarm Host 

Get SALT Encoding   

  12  0:03  Drone  
  13  0:13  Overlord  
  13  0:33  Spawning Pool  
  12  0:42  Extractor  
  11  0:43  Drone x2  
  11  0:46  Drone  
  14  0:58  Overlord  
  14  1:06  Drone  
  15  1:20  Queen  
  15  1:24  Drone  
  18  1:44  Roach Warren  
  17  1:48  Drone  
  17  1:49  Drone  
  19  1:55  Zergling x2  
  20  2:06  Lair  
  20  2:11  Drone  
  20  2:12  Drone  
  22  2:28  Hatchery  
  21  2:33  Roach  
  21  2:35  Roach  
  25  2:53  Spore Crawler  
  24  3:03  Drone x3  
  27  3:10  Extractor  
  26  3:24  Infestation Pit  
  25  3:30  Drone x3  
  28  3:39  Queen  
  30  3:41  Overlord  
  30  3:52  Drone  
  31  3:59  Drone  
  32  4:16  Swarm Host  
  38  4:45  Burrow  
  38  4:50  Drone  
  38  4:52  Drone x4  
  43  4:53  Drone  
  43  4:58  Overlord x3  
  44  5:03  Extractor  
  43  5:08  Drone  
  44  5:15  Extractor  
  43  5:22  Swarm Host  
  52  5:38  Swarm Host  
  55  5:43  Drone x3  
  58  5:52  Drone x2  
  60  6:04  Swarm Host x2  
  60  6:09  Drone  
  67  6:30  Hive  
  67  7:32  Overlord x3  
  67  7:33  Overlord x6  
  67  8:07  Swarm Host  
  67  8:08  Swarm Host  
  85  8:15  Ultralisk Cavern  
  84  8:50  Drone x2  
  86  9:04  Spire  
  87  9:13  Ultralisk x3  
  103  9:27  Spine Crawler x2  
  101  10:43  Mutalisk x3  
  101  10:44  Mutalisk x3  
  101  10:46  Mutalisk  
  101  10:47  Mutalisk x5  
  107  11:22  Mutalisk  
  107  11:23  Mutalisk x2  
  112  11:36  Zergling x2  
  64  12:21  Hatchery  
  75  12:51  Chitinous Plating  
  75  13:20  Hatchery  
  75  13:26  Extractor  
  73  13:30  Extractor  
  72  13:55  Queen  
  74  14:02  Queen  
  76  14:13  Ultralisk  
  76  14:14  Ultralisk x2  
  94  14:20  Drone x3  
  97  14:31  Queen  
  99  14:41  Evolution Chamber  
  98  14:55  Queen  
  100  15:01  Drone  
  100  15:02  Drone x2  
  100  15:06  Zerg Flyer Weapons Level 1  
  121  15:22  Drone  
  121  15:23  Drone x5  
  127  15:42  Drone x3  
  130  16:04  Zerg Ground Armor Level 1  
  130  16:33  Mutalisk  
  130  16:34  Mutalisk x6  
  130  16:35  Mutalisk  
  146  17:00  Overlord x2  
  146  17:01  Overlord x2  
  146  17:08  Lair  
  146  17:38  Mutalisk x6  
  146  17:39  Mutalisk x3  
  146  17:43  Zerg Flyer Weapons Level 2  
  164  17:58  Zerg Melee Weapons Level 1  
  164  18:32  Hatchery  
  163  19:12  Overlord x2  
  163  19:13  Overlord x2  
  94  20:15  Mutalisk x5  
  94  20:16  Mutalisk  
  94  20:18  Mutalisk x2  
  94  20:19  Mutalisk x6  
  94  20:20  Mutalisk  
  124  20:24  Zergling x2  
  124  20:25  Zergling x12  
  124  20:26  Zergling x12  
  124  20:27  Zergling x2  
Tags
 
Matchup
TvZ
Opening
Pool First
Replay Pack
SIII
Spawn Locations
Cross Positions
Add a new tag
Caveats
  • Supply blocks, unpowered buildings, or Contaminate may cause inaccurate times.
  • Supply counts are checked every 10 seconds.